 Dungeon Crawl Stone Soup version 0.30-a0-715-gdb4ae3ece1 (webtiles) character file.

Game seed: 5583115580961468899

3073 sokol815 the Carver (level 9, -3/60 (68) HPs)
             Began as a Demigod Fighter on Jan 24, 2023.
             Slain by a wight
             ... wielding a +0 great sword
              (13 damage)
             ... on level 7 of the Dungeon.
             The game lasted 00:14:01 (7259 turns).

sokol815 the Carver (Demigod Fighter)               Turns: 7259, Time: 00:14:01

HP:   -3/60 (68)    AC: 11    Str: 17    XL:     9   Next: 32%
MP:   11/11         EV:  8    Int: 10    God:
Gold: 513           SH: 11    Dex: 36    Spells: 5/8 levels left

rFire   . . .      SeeInvis +    a - +3 falchion
rCold   . . .      Faith    .    c - +0 buckler
rNeg    . . .      Spirit   .    t - +5 scale mail "Bezeid" {Drain Dex+5 SInv}
rPois   +          Reflect  .    (no helmet)
rElec   .          Harm     .    (no cloak)
rCorr   .          Rampage  .    (no gloves)
Will    .....                    (no boots)
Stlth   +                        x - amulet of the acrobat
HPRegen 0.30/turn                m - +6 ring of dexterity
MPRegen 0.12/turn                P - ring of poison resistance {rPois, !d}

@: studying Stealth, heavily drained
A: high MP 1, forlorn, divine attributes, large bone plates 1
a: no special abilities


You were on level 7 of the Dungeon.
You visited 1 branch of the dungeon, and saw 8 of its levels.

You collected 513 gold pieces.

Inventory:

Hand Weapons
 a - a +3 falchion (weapon)
   (You took it off a wight on level 7 of the Dungeon)
 e - a +0 spectral whip
   (You found it on level 3 of the Dungeon)
 f - a +2 mace of holy wrath
   (You found it on level 1 of the Dungeon)
 h - a +2 heavy long sword
   (You found it on level 5 of the Dungeon)
 j - a +1 long sword
 k - a +1 dagger of freezing
   (You took it off an orc on level 7 of the Dungeon)
 o - a +0 whip of holy wrath
   (You took it off an orc on level 3 of the Dungeon)
 r - a +2 flail
   (You took it off a wight on level 7 of the Dungeon)
Missiles
 s - 34 stones
 u - 3 boomerangs
 v - a boomerang of dispersal {=f}
 y - 2 javelins
 C - a throwing net {!d}
Armour
 b - a +0 scale mail
 c - a +0 buckler (worn)
 n - the +0 ring mail of Mutestef {Harm Drain Will++ Int-4}
   (You found it on level 2 of the Dungeon)

   Int:       It affects your intelligence (-4).
   Drain:     It drains your maximum health when unequipped.
   Harm:      It increases damage dealt and taken.
   Will:      It greatly increases your willpower.
 t - the +5 scale mail "Bezeid" (worn) {Drain Dex+5 SInv}
   (You found it on level 4 of the Dungeon)

   Dex:       It affects your dexterity (+5).
   SInv:      It lets you see invisible.
   Drain:     It drains your maximum health when unequipped.
 A - +0 steam dragon scales
   (You found it on level 6 of the Dungeon)
Magical Staves
 d - a staff of conjuration
   (You found it on level 7 of the Dungeon)
Jewellery
 l - an amulet of guardian spirit
   (You found it on level 7 of the Dungeon)
 m - a +6 ring of dexterity (left hand)
   (You found it on level 2 of the Dungeon)
 x - an amulet of the acrobat (around neck)
   (You found it on level 1 of the Dungeon)
 F - a ring of protection from fire {rF+, !d}
   (You found it on level 3 of the Dungeon)
 I - a +6 ring of intelligence
   (You found it on level 7 of the Dungeon)
 P - a ring of poison resistance (right hand) {rPois, !d}
   (You found it on level 4 of the Dungeon)
Wands
 i - a wand of iceblast (7)
   (You found it on level 4 of the Dungeon)
 q - a wand of flame (21)
   (You found it on level 2 of the Dungeon)
Scrolls
 p - a scroll of amnesia
 w - a scroll of poison {unknown}
 z - 2 scrolls of fog
 E - 3 scrolls of fear
 X - a scroll of magic mapping {@r4!r}
 Y - 2 scrolls of teleportation {@r3}
Potions
 g - 3 potions of attraction {!q}
 B - 3 potions of brilliance
 L - 2 potions of flight
 M - a potion of magic
 U - a potion of mutation {!q}


   Skills:
 - Level 2.6 Fighting
 - Level 5.6(8.7) Short Blades
 * Level 10.3(10.9) Long Blades
 - Level 2.6 Armour
 - Level 2.6 Shields
 - Level 3.9 Ice Magic


You had 5 spell levels left.
You knew the following spells:

 Your Spells              Type           Power      Damage    Failure   Level
a - Frozen Ramparts       Ice            14%        1d3       71%         3

Your spell library contained the following spells:

 Spells                   Type           Power      Damage    Failure   Level
 Freeze                   Ice            28%        1d5       34%         1
 Apportation              Tloc           0%         N/A       86%         1
 Magic Dart               Conj           0%         1d3       86%         1
 Necrotise                Necr           0%         1d4       86%         1
 Summon Small Mammal      Summ           0%         N/A       86%         1
 Hailstorm                Conj/Ice       3%         3d3       93%         3
 Call Imp                 Summ           0%         N/A       95%         2
 Cigotuvi's Dreadful Rot  Necr/Pois/Air  0%         N/A       95%         2
 Poisonous Vapours        Pois/Air       0%         N/A       95%         2
 Call Canine Familiar     Summ           0%         N/A       99%         3
 Mephitic Cloud           Conj/Pois/Air  0%         N/A       99%         3
 Portal Projectile        Hex/Tloc       0%         N/A       99%         3
 Leda's Liquefaction      Hex/Erth       0%         N/A       100%        4


Dungeon Overview and Level Annotations

Branches:
Dungeon (8/15) Zot: 26552  Temple (0/1) D:6
   Lair: D:8-11

Shops:
D:4 [:   D:6 [

Annotations:
D:2 1 runed translucent door, Crazy Yiuf
D:3 Grinder
D:5 Blork the orc


Innate Abilities, Weirdness & Mutations

You have an increased reservoir of magic. (+10% MP)
You shall have no god before yourself.
Your divine heritage dramatically boosts your attributes as you level up.
You are partially covered in large bone plates. (SH +4)


Message History

You kill the water moccasin!
Your Long Blades skill increases to level 10!
You hit the gnoll but do no damage. The gnoll misses you.
You barely miss the gnoll. The gnoll hits you but does no damage.
You hit the gnoll. You barely miss the gnoll. You block the gnoll's attack.
You slash the gnoll!
You kill the gnoll!
You barely miss the gnoll. The gnoll hits you but does no damage.
You hit the gnoll. You block the gnoll's attack.
You slash the gnoll!
You kill the gnoll!
No target in view!
No target in view!
Items here: )))) †.
Okay, then.
C - a throwing net {!d}
Items here: )))) †.
A wight is nearby!
Health restored: 68 The wight attacks as you move away!
The wight misses you.
Items here: )))) †.
The wight attacks as you move away! The wight misses you.
You hit the wight. The wight closely misses you.
The wight hits you with a +0 mace.
You feel drained.
You take 5 damage, and have 63/67 hp.
You hit the wight. The wight hits you but does no damage.
You hit the wight. You slash the wight! The wight barely misses you. x2
The wight attacks as you move away! The wight barely misses you.
You hit the wight. The wight completely misses you.
The wight attacks as you move away! The wight hits you but does no damage.
You slash the wight!
You destroy the wight!
Your life force feels restored.
You slash the wight!
You destroy the wight!
The wight hits you from afar with a +0 spear.
You feel drained.
You take 6 damage, and have 59/67 hp.
The wight hits you with a +0 spear.
You feel drained.
Items here: )) [[.
You take 5 damage, and have 54/66 hp.
You slash the wight! You block the wight's attack.
You closely miss the wight. You barely miss the wight.
The wight barely misses you. The wight closely misses you.
You barely miss the wight. The wight hits you but does no damage.
The wight hits you with a +0 great sword!
You take 10 damage, and have 45/66 hp.
Unknown command.
You slash the wight!
You destroy the wight!
Your life force feels restored.
The wight attacks as you move away! The wight misses you.
You hit the wight but do no damage.
The wight hits you with a +0 great sword!
You feel drained.
You take 11 damage, and have 35/66 hp.
You hit the wight but do no damage.
The wight hits you with a +0 great sword!
You feel drained.
* * * LOW HITPOINT WARNING * * *
You take 16 damage, and have 19/64 hp.
MASSIVE DAMAGE!!
Okay, then.
Unknown command.
The wight attacks as you move away!
The wight hits you with a +0 great sword.
* * * LOW HITPOINT WARNING * * *
You feel drained.
You take 3 damage, and have 16/62 hp.
The wight attacks as you move away! The wight completely misses you.
The wight attacks as you move away! The wight misses you.
There is a stone staircase leading up here.
The wight misses you.
You climb upwards.
There is a stone staircase leading down, spattered with blood here.
You feel better. You block the wight's attack.
You regained 5 hp, and now have 24/62 hp.
You hit the wight.
The wight hits you with a +0 great sword!
* * * LOW HITPOINT WARNING * * *
You feel drained.
* * * LOW HITPOINT WARNING * * *
You take 14 damage, and have 10/60 hp.
MASSIVE DAMAGE!!
Here: a wight, wielding a +0 great sword and wearing a +0 robe (lightly damaged)
The floor.
Unknown command.
Really quaff
U - 2 potions of mutation {!q}?
Really quaff the potion of mutation?
You feel extremely strange.
Large bone plates grow over parts of your arms.
You block the wight's attack.
You hit the wight but do no damage.
The wight hits you with a +0 great sword!
You die...

##.##......#####...##
............##......###
......................#
#..##.................##
...##..................#
##..#..................#
#.....................#
####...........z†......##
................@.......##
..#..............##......#
..#......##.......##.....#
..##.....##.......÷.....#####
#.##.....##.###...#....####.#
..##....##...###..#[.....#..##
..##....###..####)##...###...##
.........###..###.#....##.....#
#.##.....##..................##


You could see a wight.

Vanquished Creatures
  A gargoyle (D:7)
  4 yaks (D:7)
  A steam dragon (D:6)
  An acid dragon (D:7)
  A water moccasin (D:8)
  An ice beast (D:6)
  A black bear (D:6)
  A centaur (D:6)
  An ogre (D:4)
  2 phantoms (D:6)
  2 scorpions
  2 bullfrogs (D:7)
  7 wights
  5 killer bees (D:7)
  4 orc priests
  6 hounds
  2 jellies
  2 orc wizards (D:6)
  4 gnolls (D:8)
  3 adders
  A shadow imp (D:8)
  An ufetubus (D:6)
  2 worms
  A dart slug (D:3)
  15 orcs
  5 endoplasms
  3 giant cockroaches
  2 goblins
  2 hobgoblins
  4 jackals (D:1)
  2 kobolds
  A quokka (D:1)
  6 ball pythons
  4 bats
  6 frilled lizards
  3 rats
109 creatures vanquished.

Notes
Turn   | Place    | Note
-------+----------+-------------------------------------------
     0 | D:1      | sokol815 the Demigod Fighter began the quest for the Orb.
     0 | D:1      | Reached XP level 1. HP: 18/18 MP: 3/3
   169 | D:1      | Reached skill level 1 in Short Blades
   477 | D:1      | Reached XP level 2. HP: 13/25 MP: 4/4
   719 | D:1      | Reached skill level 2 in Short Blades
  1333 | D:2      | Reached XP level 3. HP: 22/30 MP: 5/5
  1507 | D:2      | Identified the +0 ring mail of Mutestef {Harm Drain Will++
                  | Int-4}
  1666 | D:2      | Found a runed translucent door.
  1667 | D:2      | Noticed Crazy Yiuf
  2095 | D:3      | Reached skill level 3 in Short Blades
  2222 | D:3      | Noticed Grinder
  2591 | D:3      | Reached XP level 4. HP: 15/37 MP: 6/6
  2816 | D:4      | Learned a level 3 spell: Frozen Ramparts
  2838 | D:4      | Reached skill level 1 in Ice Magic
  3150 | D:4      | Identified the +5 scale mail "Bezeid" {Drain Dex+5 SInv}
  3231 | D:4      | Reached skill level 4 in Short Blades
  3231 | D:4      | Reached skill level 2 in Ice Magic
  3231 | D:4      | Reached XP level 5. HP: 42/42 MP: 7/7
  3311 | D:4      | Found Iwnashum's Book Boutique.
  3449 | D:4      | Noticed an ogre
  3454 | D:4      | Killed an ogre
  3455 | D:4      | Reached skill level 3 in Ice Magic
  3582 | D:4      | Found Zulidd's Armour Boutique.
  3736 | D:5      | Entered Level 5 of the Dungeon
  3883 | D:5      | Reached XP level 6. HP: 41/50 MP: 8/8
  4314 | D:5      | Noticed Blork the orc
  4692 | D:6      | Found Gugg's Armour Emporium.
  4748 | D:6      | Noticed a steam dragon
  4759 | D:6      | Killed a steam dragon
  4760 | D:6      | Reached skill level 5 in Short Blades
  4803 | D:6      | Reached skill level 2 in Long Blades
  4803 | D:6      | Reached XP level 7. HP: 55/56 MP: 9/9
  4830 | D:6      | Identified a scroll of acquirement
  4830 | D:6      | Acquired a manual of Stealth
  4871 | D:6      | Reached skill level 3 in Long Blades
  5010 | D:6      | Reached skill level 4 in Long Blades
  5038 | D:6      | Found a staircase to the Ecumenical Temple.
  5353 | D:7      | Noticed a gargoyle
  5388 | D:6      | Reached skill level 5 in Long Blades
  5452 | D:7      | Reached XP level 8. HP: 22/62 MP: 10/10
  5604 | D:7      | HP: 14/62 [killer bee (3)]
  5615 | D:7      | Reached skill level 6 in Long Blades
  5615 | D:7      | HP: 14/62 [killer bee (5)]
  5624 | D:7      | HP: 10/62 [killer bee (8)]
  5974 | D:7      | Reached skill level 7 in Long Blades
  6096 | D:7      | Killed a gargoyle
  6097 | D:7      | Reached skill level 8 in Long Blades
  6866 | D:7      | Reached skill level 9 in Long Blades
  6866 | D:7      | Reached XP level 9. HP: 45/68 MP: 11/11
  7178 | D:8      | Reached skill level 10 in Long Blades
  7245 | D:8      | HP: 15/64 [wight/+0 great sword (4)]
  7257 | D:7      | HP: 14/62 [wight/+0 great sword (11)]
  7258 | D:7      | Gained mutation: You are partially covered in large bone
                  | plates. (SH +4) [potion of mutation]
  7259 | D:7      | Slain by a wight

Illustrated notes

Levels and vault maps discovered:
D:1:      nicolae_arrival_washed_ashore, layout_basic, minmay_curled_crystal,
          st_stairs_9
D:2:      layout_basic, uniq_crazy_yiuf_cottage
D:3:      layout_basic, mainiacjoe_overflow_catwalk,
          hellmonk_okawaru_the_only_friend_you_need, elyvilon_altar_4,
          uniq_grinder
D:4:      layout_loops_corners, overflow_temple_1_default, serial_shops, shop,
          kennysheep_mini_moat, minmay_misc_feat_square
D:5:      layout_basic, nicolae_overflow_hidden_temple, amcnicky_altar_gilded,
          mainiacjoe_overflow_chevrons, uniq_blork_the_orc
D:6:      layout_cave_pools, kennysheep_little_box,
          mainiacjoe_overflow_concentric_impassable, grunt_temple_overflow_open,
          minmay_temple_entry_slanted, serial_shops, shop
D:7:      layout_cave_pools
D:8:      layout_rooms, worms_lemuel

Skill      XL: |  1  2  3  4  5  6  7  8  9 |
---------------+----------------------------+-----
Short Blades   | 1 2 3 4 5 |  5.6
Ice Magic      | 2 3 |  3.9
Long Blades    | 2 5 9 10 | 10.3
Fighting       | |  2.6
Armour         | |  2.6
Shields        | |  2.6

Action                     |  1- 3 |  4- 6 |  7- 9 || total
---------------------------+-------+-------+-------++-------
  Melee: Long sword        |   140 |    94 |   131 ||   365
         Falchion          |       |       |   122 ||   122
  Throw: Stone             |    22 |    11 |       ||    33
         Javelin           |       |     4 |       ||     4
  Evoke: Wand              |       |       |     7 ||     7
    Use: Scroll            |     6 |     4 |     9 ||    19
         Potion            |       |       |     9 ||     9
 Armour: Scale mail        |    75 |    55 |   105 ||   235
  Dodge: Dodged            |    73 |    31 |   109 ||   213
  Block: Buckler           |    30 |    37 |    96 ||   163

Table legend: (Time is in decaauts)
 A = Elapsed time spent in this place.
 B = Non-inter-level travel time spent in this place.
 C = Inter-level travel time spent in this place.
 D = Time resting spent in this place.
 E = Time spent auto-exploring this place.
 F = Levels seen in this place.
 G = Mean time per level.
                   A        B        C        D        E       F      G
               +--------+--------+--------+--------+--------+-----+--------+
         Total |   7323 |   7030 |    293 |    702 |   5165 |   8 |  915.4 |
       Dungeon |   7323 |   7030 |    293 |    702 |   5165 |   8 |  915.4 |
               +--------+--------+--------+--------+--------+-----+--------+

Top non-repeatable levels by time:
     D:7: 1282 daAuts
     D:1: 1103 daAuts
     D:6: 1043 daAuts
     D:5: 1018 daAuts
     D:4: 942 daAuts
     D:3: 924 daAuts
     D:2: 829 daAuts
     D:8: 179 daAuts

Table legend:
 A = Kills in this place as a percentage of kills in entire the game.
 B = Kills by you in this place as a percentage of kills by you in the entire game.
 C = Kills by friends in this place as a percentage of kills by friends in the entire game.
 D = Other kills in this place as a percentage of other kills in the entire game.
 E = Experience gained in this place as a percentage of experience gained in the entire game.
 F = Experience gained in this place divided by the number of levels of this place that you have seen.
                   A       B       C       D       E      F
               +-------+-------+-------+-------+-------+----------------------
         Total | 100.0 | 100.0 |   N/A |   N/A | 100.0 | 548.9
       Dungeon | 100.0 | 100.0 |   N/A |   N/A | 100.0 | 548.9
               +-------+-------+-------+-------+-------+----------------------
